 Dungeon Crawl Stone Soup version 0.22-a0-278-g8f801747b2 (webtiles) character file.

448 NooBeakApe the Cutter (level 7, 9/43 HPs)
             Began as a Gargoyle Monk on Mar 15, 2018.
             Quit the game on level 5 of the Dungeon.
             The game lasted 00:09:32 (4415 turns).

NooBeakApe the Cutter (Gargoyle Monk)               Turns: 4415, Time: 00:09:33

Health: 9/43       AC:  8    Str: 12 (14) XL:     7   Next: 4%
Magic:  8/8        EV: 13    Int: 13 (14) God:
Gold:   252        SH:  0    Dex: 13 (14) Spells: 5/7 levels left

rFire    . . .     SeeInvis .   a - +2 short sword
rCold    . . .     Gourm    .   (no shield)
rNeg     + . .     Faith    .   b - +0 robe
rPois    ∞         Spirit   .   (no helmet)
rElec    +         Reflect  .   (no cloak)
rCorr    .         Harm     .   q - +0 pair of gloves
MR       .....                  (no boots)
Stlth    +++.......             e - amulet of regeneration
HPRegen  0.54/turn              n - +3 ring of intelligence
MPRegen  0.11/turn              (no ring)

@: berserk cooldown
A: negative energy resistance 1, electricity resistance, unbreathing,
petrification resistance, rot immunity, AC +4
a: no special abilities


You were on level 5 of the Dungeon.
You were not hungry.

You visited 1 branch of the dungeon, and saw 5 of its levels.

You collected 252 gold pieces.

Inventory:

Hand Weapons
 a - a +2 short sword (weapon)
 o - a +1 hunting sling
Armour
 b - a +0 robe (worn)
 q - a +0 pair of gloves (worn)
Magical Staves
 j - an uncursed staff of cold
Jewellery
 e - an amulet of regeneration (around neck)
 n - a +3 ring of intelligence (left hand)
Scrolls
 i - 3 scrolls of identify
 k - a scroll of magic mapping
Comestibles
 c - 5 rations


   Skills:
 - Level 4.0 Fighting
 * Level 4.5 Short Blades
 - Level 1.3 Slings
 - Level 2.0 Armour
 + Level 3.5 Dodging
 + Level 4.2 Stealth
 + Level 0.8 Spellcasting


You had 5 spell levels left.
You knew the following spells:

 Your Spells              Type           Power        Failure   Level  Hunger
a - Blink                 Tloc           N/A          41%         2    ###....


Dungeon Overview and Level Annotations

Branches:
Dungeon (5/15)
 Temple: D:4-7

Altars:
Ashenzari
Trog
Vehumet
Wu Jian

Portals:
Sewer: D:5


Innate Abilities, Weirdness & Mutations

You are resistant to torment.
Your stone body is resilient. (AC +4)
You are immune to poison.
You resist negative energy. (rN+)
You are resistant to electric shocks. (rElec)
You can survive without breathing.
You are immune to petrification.
You are immune to rotting.


Message History

The orc throws a tomahawk.
The tomahawk barely misses you.
The orc priest mumbles some strange prayers to Beogh against you.
Pain shoots through your body!
The orc throws a tomahawk.
The tomahawk barely misses you.
You feel yourself speed up. The orc closely misses you.
You hit the orc priest.
The orc priest is lightly wounded.
The orc closely misses you.
You hit the orc priest but do no damage.
The orc priest is lightly wounded.
The orc priest hits you but does no damage.
The orc priest mumbles some strange prayers to Beogh against you.
Beogh smites you!
* * * LOW HITPOINT WARNING * * *
The orc hits you with a club.
* * * LOW HITPOINT WARNING * * *
Quiver which item? (- for none, * to show all) (? for menu, Esc to quit)
Okay, then.
Are you sure you want to abandon this character and quit the game? (Confirm with "yes".)

,,,,,,,** #.....# *,*
,,,,,,,,** ##....## *,*
,,,,,,,,,*** #.....#**,**
,,,,,,,,,,,** ##..#....#,*
*,,,,,,,,,,>###* #..##....,**
*,,,,,,,,,,,#..* #...#...#*,**
,,,,,,,,,,,,*#.###.....###**,*
,,,,,,,,,,,**#..##(..### ***
,**,,,,,,,,,*##o@...## ***
***,,,,,,.....oo...## **,* *
*,,,,,,......o...# **,** *
*,,,,,,.........## **,**
***,...............** ***,**
,,,,,...............***,,**
,,,,,,...............*,,,*
,,,,,,,..............,,,**
<,,,,,,,...o.......,,,,,***


You could see 2 orc priests and 2 orcs.

Vanquished Creatures
  A water moccasin (D:4)
  A bullfrog (D:4)
  An orc wizard (D:5)
  A bullfrog skeleton (D:4)
  2 worker ants (D:4)
  2 gnolls
  5 adders
  2 worms
  A dart slug (D:2)
  7 leopard geckos
  4 orcs
  10 bats
  4 giant cockroaches
  7 goblins
  12 hobgoblins
  4 jackals
  2 quokkas
  5 frilled lizards
  14 kobolds
  6 rats
91 creatures vanquished.

Notes
Turn   | Place    | Note
-------+----------+-------------------------------------------
     0 | D:1      | NooBeakApe the Gargoyle Monk began the quest for the Orb.
     0 | D:1      | Reached XP level 1. HP: 14/14 MP: 1/1
    75 | D:1      | Reached XP level 2. HP: 19/19 MP: 2/2
   384 | D:1      | Reached skill level 1 in Armour
   878 | D:1      | Reached XP level 3. HP: 22/23 MP: 3/3
  1018 | D:2      | Found a bloodstained altar of Trog.
  1422 | D:2      | Found a shattered altar of Ashenzari.
  1617 | D:3      | Reached XP level 4. HP: 10/29 MP: 4/4
  2985 | D:2      | Found an ornate altar of the Wu Jian Council.
  3115 | D:2      | Reached XP level 5. HP: 25/33 MP: 5/5
  3300 | D:4      | Learned a level 2 spell: Blink
  3874 | D:4      | Noticed a water moccasin
  3901 | D:4      | Killed a water moccasin
  3901 | D:4      | Reached skill level 1 in Slings
  3901 | D:4      | Reached XP level 6. HP: 34/38 MP: 6/6
  4164 | D:4      | Found a radiant altar of Vehumet.
  4299 | D:5      | Entered Level 5 of the Dungeon
  4327 | D:5      | Found a glowing drain.
  4379 | D:5      | Reached XP level 7. HP: 14/43 MP: 6/8
  4415 | D:5      | Quit the game

Vault maps used:
D:1:      tarquinn_simple_flora_water_c, serial_park_tiny_pond
D:2:      old_standard_altar, ashenzari_altar_1, lemuel_crystal_altar
D:3:      minmay_unequal
D:4:      kennysheep_big_flooded_room, kennysheep_little_box
D:5:      first_ration, gup_sewer_entry_glass, nicolae_ossuary_entry_ruins,
          st_stairs_7, tso_altar

Skill      XL: |  1  2  3  4  5 |
---------------+----------------+-----
Armour         | 1 2 |  2.0
Short Blades   | 3 4 |  4.5
Stealth        | 3 4 |  4.2
Fighting       | 4 |  4.0
Dodging        | 3 |  3.5
Slings         | 1 |  1.3
Spellcasting   | |  0.8

Action                   |  1- 3 |  4- 6 |  7- 9 || total
-------------------------+-------+-------+-------++-------
Melee: Short sword       |   157 |   301 |    12 ||   470
  Use: Potion            |     1 |     6 |       ||     7
       Scroll            |       |     3 |     4 ||     7
 Stab: Sleeping          |    11 |     5 |       ||    16
       Distracted        |       |     2 |       ||     2
  Eat: Chunk             |     2 |     9 |     1 ||    12
Armor: Robe              |    45 |    70 |     8 ||   123
       Skin              |     7 |    17 |       ||    24
Dodge: Dodged            |    95 |   163 |    12 ||   270

Table legend:
 A = Spawn XP
 B = Non-spawn XP
 C = Spawn XP percentage of total XP
 D = Spawn monster count
 E = Non-spawn monster count
 F = Spawn count percentage of total count
 G = Total turns spent on level
                    A         B        C        D         E        F      G
               +---------+---------+-------+---------+---------+-------+---------
         Total |       0 |     641 |   0.0 |       0 |      91 |   0.0 |  4415
               +---------+---------+-------+---------+---------+-------+---------
           D:1 |       0 |      39 |   0.0 |       0 |      22 |   0.0 |  1018
           D:2 |       0 |      76 |   0.0 |       0 |      30 |   0.0 |  1036
           D:3 |       0 |      62 |   0.0 |       0 |      19 |   0.0 |  1307
           D:4 |       0 |     397 |   0.0 |       0 |      14 |   0.0 |   938
           D:5 |       0 |      67 |   0.0 |       0 |       6 |   0.0 |   116
               +---------+---------+-------+---------+---------+-------+---------
